[Event "42nd Olympiad Baku 2016 Open"]
[Site "Baku"]
[Date "2016.09.05"]
[Round "4.24"]
[White "Bok, Benjamin"]
[Black "Jones, Gawain C B"]
[Result "1-0"]
[ECO "E62"]
[WhiteElo "2592"]
[BlackElo "2635"]
[Annotator ""]
[PlyCount "87"]
[EventDate "2016.??.??"]
[EventCountry "AZE"]
[SourceTitle "playchess.com"]
[Source "ChessBase"]
[WhiteTeam "Netherlands"]
[BlackTeam "England"]
[WhiteTeamCountry "NED"]
[BlackTeamCountry "ENG"]
[TimeControl "40/5400+30:1800+30"]

1. d4 {(00:00)} Nf6 {(00:00)} 2. c4 {(00:00)} g6 {(
00:14)} 3. g3 {(00:00)} Bg7 {(00:06)} 4. Bg2 {(00:00)} O-O
{(00:10)} 5. Nc3 {(00:00)} d6 {(00:09)} 6. Nf3 {(
00:00)} Nc6 {(00:08)} 7. O-O {(00:05)} Rb8 {(00:47)} 8. b3
{(00:09)} a6 {(00:31)} 9. d5 {(00:04)} Na5 {(01:10]
} 10. Bg5 {(00:07)} c5 {(02:55)} 11. dxc6 {(01:12)} Nxc6 {
(02:00)} 12. Rc1 {(00:14)} h6 {(06:06)} 13. Be3 {(
06:03)} Bf5 {(06:22)} 14. Nd5 {(20:31)} Kh7 {(00:58)} 15.
Nh4 {(09:48)} Be6 {(04:37)} 16. Qd2 {(00:26)} Re8 {
(21:19)} 17. Bb6 {(07:19)} Qd7 {(00:23)} 18. Nc7 {(
00:06)} Rec8 {(01:55)} 19. Nxe6 {(01:56)} Qxe6 {(00:04)}
20. Rfd1 {(00:46)} Nd7 {(06:34)} 21. Be3 {(02:20)} a5 {
(01:39)} 22. Bf3 {(13:40)} Qf6 {(07:20)} 23. Ng2 {(
05:46)} a4 {(02:53)} 24. Nf4 {(03:03)} axb3 {(00:36)} 25.
axb3 {(00:04)} Nc5 {(00:52)} 26. Rb1 {(03:37)} Ne5 {
(09:23)} 27. Bg2 {(01:28)} Re8 {(04:22)} 28. Nd5 {(
06:45)} Qf5 {(00:05)} 29. Nxe7 {(03:21)} Rxe7 {(05:47)}
30. Qxd6 {(00:04)} Nc6 {(05:06)} 31. Qxc5 {(02:04)} Qxc5 {
(00:25)} 32. Bxc5 {(00:02)} Rxe2 {(00:07)} 33. Rd7 {
(02:26)} b6 {(00:05)} 34. Bd6 {(08:42)} Ne5 {(00:
27)} 35. Re7 {(02:59)} Rd8 {(00:50)} 36. Kf1 {(00:44)}
Rxf2+ {(01:19)} 37. Kxf2 {(00:05)} Rxd6 {(00:05)} 38. Bd5
{(01:50)} b5 {(00:33)} 39. Kg1 {(01:09)} b4 {(02:
09)} 40. Re1 {(00:00)} Nd3 {(00:00)} 41. Rf1 {(09:35)} f5
{(02:36)} 42. Ra1 {(00:40)} g5 {(00:14)} 43. Raa7 {
(01:23)} Rg6 {(00:09)} 44. Be6 {(00:15)} 1-0

[Event "42nd Olympiad Baku 2016 Open"]
[Site "Baku"]
[Date "2016.09.05"]
[Round "4.20"]
[White "Borigas, Edgardo"]
[Black "Koster, Jeroen Louis"]
[Result "1-0"]
[ECO "A46"]
[WhiteElo "1894"]
[BlackElo "1879"]
[Annotator ""]
[PlyCount "87"]
[EventDate "2016.??.??"]
[EventCountry "AZE"]
[SourceTitle "playchess.com"]
[Source "ChessBase"]
[WhiteTeam "Hong Kong"]
[BlackTeam "Mauritius"]
[WhiteTeamCountry "HKG"]
[BlackTeamCountry "MRI"]
[TimeControl "40/5400+30:1800+30"]

1. d4 {(00:00)} Nf6 {(00:00)} 2. Nf3 {(00:00)} e6 {
(00:11)} 3. h3 {(00:21)} b6 {(02:25)} 4. Bf4 {(00:
19)} c5 {(00:06)} 5. c3 {(00:26)} Bb7 {(00:05)} 6. e3 {
(00:21)} Be7 {(00:57)} 7. Bd3 {(00:16)} O-O {(01:
19)} 8. Nbd2 {(00:24)} cxd4 {(00:07)} 9. cxd4 {(00:27)} d6
{(00:05)} 10. O-O {(04:23)} Nbd7 {(00:44)} 11. Nc4 {
(03:33)} Qc7 {(01:50)} 12. Rc1 {(00:49)} Qb8 {(00:
11)} 13. Re1 {(05:27)} Be4 {(26:18)} 14. Ng5 {(13:38)}
Bxd3 {(02:18)} 15. Qxd3 {(00:03)} Rc8 {(12:11)} 16. e4 {
(12:47)} h6 {(00:47)} 17. Nf3 {(00:50)} b5 {(00:07]
} 18. Ne3 {(11:01)} Qb7 {(12:47)} 19. e5 {(09:31)} dxe5 {
(06:22)} 20. dxe5 {(05:29)} Ne4 {(03:17)} 21. Ng4 {
(07:23)} Ndc5 {(01:45)} 22. Qe3 {(01:42)} Rd8 {(06:
00)} 23. b4 {(02:05)} Nd3 {(03:24)} 24. Bxh6 {(03:27)}
Bxb4 {(12:34)} 25. Bxg7 {(05:12)} Nxe1 {(00:02)} 26. Qh6 {
(02:24)} f5 {(00:16)} 27. exf6 {(04:40)} Nxf3+ {(
00:04)} 28. gxf3 {(00:34)} Nxf6 {(00:26)} 29. Qh8+ {(01:
55)} Kf7 {(00:02)} 30. Ne5+ {(00:22)} Ke7 {(00:02)} 31.
Bxf6+ {(00:33)} Kd6 {(00:02)} 32. Bxd8 {(01:07)} Rxd8 {
(02:32)} 33. Rd1+ {(01:16)} Kc5 {(00:01)} 34. Qxd8 {
(00:56)} Qg7+ {(00:15)} 35. Ng4 {(00:03)} Bc3 {(00:
37)} 36. Qd6+ {(00:54)} Kc4 {(00:02)} 37. Qxe6+ {(01:29)}
Kb4 {(00:30)} 38. Qd6+ {(00:47)} Ka4 {(02:28)} 39. Qa6+ {
(00:23)} Kb4 {(00:02)} 40. Rb1+ {(00:00)} Bb2 {(00:
00)} 41. a3+ {(02:14)} Kc5 {(00:52)} 42. a4 {(00:54)} Kb4
{(01:01)} 43. Qxb5+ {(00:14)} Ka3 {(00:01)} 44. Qxb2+ {
(00:38)} 1-0

[Event "42nd Olympiad Baku 2016 Open"]
[Site "Baku"]
[Date "2016.09.05"]
[Round "4.35"]
[White "Bozinovic, Bogdan"]
[Black "Soors, Stef"]
[Result "0-1"]
[ECO "E32"]
[WhiteElo "2219"]
[BlackElo "2398"]
[Annotator ""]
[PlyCount "38"]
[EventDate "2016.??.??"]
[EventCountry "AZE"]
[SourceTitle "playchess.com"]
[Source "ChessBase"]
[WhiteTeam "ICCD"]
[BlackTeam "BEL"]
[WhiteTeamCountry "CRO"]
[BlackTeamCountry "BEL"]
[TimeControl "40/5400+30:1800+30"]

1. d4 {(00:00)} Nf6 {(00:00)} 2. c4 {(00:29)} e6 {(
00:00)} 3. Nc3 {(00:25)} Bb4 {(00:00)} 4. Qc2 {(00:33)} b6
{(00:09)} 5. Bg5 {(02:44)} h6 {(03:21)} 6. Bh4 {(
02:58)} Bb7 {(00:02)} 7. a3 {(03:37)} Bxc3+ {(01:53)} 8.
Qxc3 {(00:36)} d6 {(00:27)} 9. f3 {(02:24)} Nbd7 {(
08:20)} 10. e3 {(05:54)} c5 {(04:04)} 11. Bg3 {(04:05)}
Qe7 {(02:43)} 12. b4 {(09:49)} O-O {(04:02)} 13. e4 {
(07:51)} Nh5 {(20:04)} 14. Bf2 {(04:54)} f5 {(00:
18)} 15. e5 {(17:09)} dxe5 {(02:02)} 16. dxe5 {(00:39)}
cxb4 {(00:29)} 17. axb4 {(00:14)} Nxe5 {(00:34)} 18. Qxe5
{(03:37)} Qxb4+ {(00:14)} 19. Kd1 {(09:55)} Rad8+ {
(13:28)} 0-1

[Event "42nd Olympiad Baku 2016 Open"]
[Site "Baku"]
[Date "2016.09.05"]
[Round "4.32"]
[White "Bravo, William"]
[Black "Gledura, Benjamin"]
[Result "0-1"]
[ECO "D85"]
[WhiteElo "2194"]
[BlackElo "2585"]
[Annotator ""]
[PlyCount "70"]
[EventDate "2016.??.??"]
[EventCountry "AZE"]
[SourceTitle "playchess.com"]
[Source "ChessBase"]
[WhiteTeam "Nicaragua"]
[BlackTeam "Hungary"]
[WhiteTeamCountry "NCA"]
[BlackTeamCountry "HUN"]
[TimeControl "40/5400+30:1800+30"]

1. d4 {(00:00)} Nf6 {(00:00)} 2. c4 {(00:00)} g6 {(
00:00)} 3. Nc3 {(00:00)} d5 {(00:00)} 4. cxd5 {(00:00)}
Nxd5 {(00:00)} 5. e4 {(00:00)} Nxc3 {(00:08)} 6. bxc3 {
(00:06)} Bg7 {(00:04)} 7. Nf3 {(00:14)} c5 {(00:29]
} 8. Rb1 {(00:18)} O-O {(00:34)} 9. Be2 {(00:08)} b6 {
(00:31)} 10. O-O {(01:04)} Qc7 {(00:18)} 11. Bg5 {(
10:27)} Nc6 {(01:09)} 12. d5 {(09:02)} Ne5 {(00:50)} 13.
Nd2 {(00:11)} f5 {(01:15)} 14. f3 {(16:24)} Nf7 {(
04:35)} 15. Bh4 {(02:28)} Bxc3 {(07:09)} 16. Nc4 {(02:52)}
Bd4+ {(02:23)} 17. Kh1 {(00:10)} f4 {(06:09)} 18. Bf2 {
(02:23)} Bg7 {(02:14)} 19. Qc2 {(05:02)} Bd7 {(04:
50)} 20. a4 {(02:33)} Rab8 {(06:04)} 21. Be1 {(00:47)}
Rfd8 {(07:19)} 22. g3 {(05:11)} a6 {(15:31)} 23. gxf4 {
(01:28)} b5 {(01:29)} 24. axb5 {(02:33)} axb5 {(00:
07)} 25. Na3 {(00:41)} c4 {(00:27)} 26. f5 {(09:28)} c3 {
(08:23)} 27. fxg6 {(00:30)} hxg6 {(00:06)} 28. Rg1 {
(06:51)} b4 {(09:45)} 29. Bg3 {(07:28)} Nd6 {(02:
17)} 30. e5 {(12:17)} Bf5 {(03:35)} 31. Bd3 {(03:47)} bxa3
{(06:20)} 32. exd6 {(00:48)} exd6 {(00:19)} 33. Bxf5 {
(00:07)} gxf5 {(00:06)} 34. Rxb8 {(01:06)} Rxb8 {(
00:09)} 35. Qxf5 {(00:12)} Qf7 {(00:09)} 0-1

[Event "42nd Olympiad Baku 2016 Open"]
[Site "Baku"]
[Date "2016.09.05"]
[Round "4.6"]
[White "Bruzon Batista, Lazaro"]
[Black "Adhiban, B."]
[Result "1/2-1/2"]
[ECO "A21"]
[WhiteElo "2623"]
[BlackElo "2671"]
[Annotator ""]
[PlyCount "132"]
[EventDate "2016.??.??"]
[EventCountry "AZE"]
[SourceTitle "playchess.com"]
[Source "ChessBase"]
[WhiteTeam "Cuba"]
[BlackTeam "India"]
[WhiteTeamCountry "CUB"]
[BlackTeamCountry "IND"]
[TimeControl "40/5400+30:1800+30"]

1. c4 {(00:00)} e5 {(02:04)} 2. Nc3 {(00:00)} Bb4 {
(00:32)} 3. Nd5 {(03:24)} Na6 {(00:10)} 4. g3 {(06:
48)} Ba5 {(13:19)} 5. Bg2 {(00:25)} c6 {(00:10)} 6. Nc3 {
(00:11)} Nf6 {(00:04)} 7. Nf3 {(01:15)} d6 {(10:05]
} 8. O-O {(02:09)} O-O {(00:03)} 9. d3 {(07:23)} h6 {
(05:37)} 10. Bd2 {(13:54)} Re8 {(05:04)} 11. a3 {(
10:47)} Be6 {(06:25)} 12. h3 {(08:56)} Bc7 {(17:25)} 13.
Rc1 {(02:48)} Nc5 {(01:51)} 14. Qc2 {(08:51)} a5 {(
01:22)} 15. b3 {(11:17)} Rc8 {(05:59)} 16. d4 {(06:57)}
Ncd7 {(10:25)} 17. d5 {(01:38)} cxd5 {(00:36)} 18. cxd5 {
(00:17)} Nxd5 {(00:41)} 19. Ng5 {(00:58)} N5f6 {(
07:17)} 20. Nxe6 {(02:39)} fxe6 {(00:02)} 21. Bxb7 {(01:
15)} Rb8 {(00:01)} 22. Bc6 {(02:42)} Rf8 {(03:52)} 23. Nb5
{(01:11)} Bb6 {(00:16)} 24. Nxd6 {(04:05)} Nc5 {(
00:01)} 25. b4 {(01:11)} axb4 {(00:33)} 26. axb4 {(00:17)}
Qxd6 {(00:24)} 27. bxc5 {(00:04)} Qxc6 {(00:20)} 28. cxb6
{(00:04)} Qxc2 {(03:28)} 29. Rxc2 {(00:04)} Rxb6 {(
00:03)} 30. Rfc1 {(00:27)} e4 {(02:20)} 31. Be3 {(00:17)}
Ra6 {(01:49)} 32. Kg2 {(01:05)} Rfa8 {(01:19)} 33. Bd4 {
(00:39)} Ra2 {(01:17)} 34. e3 {(01:13)} Rxc2 {(00:
34)} 35. Rxc2 {(00:01)} Re8 {(01:04)} 36. Rc5 {(00:33)}
Re7 {(00:36)} 37. g4 {(00:35)} Kf7 {(00:29)} 38. Kg3 {
(00:11)} Rd7 {(00:39)} 39. h4 {(02:08)} Nd5 {(00:
31)} 40. Rc4 {(00:00)} Rb7 {(00:00)} 41. Ra4 {(04:51)} Rd7
{(14:49)} 42. Be5 {(04:09)} Nf6 {(00:01)} 43. g5 {(
08:40)} hxg5 {(00:10)} 44. hxg5 {(00:03)} Rd5 {(09:35)}
45. Kf4 {(03:33)} Nd7 {(00:03)} 46. Ra7 {(02:19)} g6 {
(00:48)} 47. Bf6 {(02:16)} Kf8 {(00:07)} 48. Kxe4 {
(02:47)} Nc5+ {(03:05)} 49. Kf3 {(00:07)} Rf5+ {(
00:07)} 50. Kg4 {(02:34)} Ne4 {(01:31)} 51. f4 {(00:37)}
Nxf6+ {(00:34)} 52. gxf6 {(00:02)} Rxf6 {(01:03)} 53. Kg5
{(00:33)} Rf7 {(00:09)} 54. Ra6 {(01:35)} Ke7 {(03:
44)} 55. Kxg6 {(00:54)} Rf6+ {(00:03)} 56. Kg5 {(00:12)}
Rf5+ {(00:03)} 57. Kg4 {(00:03)} Rb5 {(00:06)} 58. e4 {
(00:27)} Rb1 {(02:46)} 59. Ra7+ {(01:56)} Kf6 {(00:
10)} 60. e5+ {(02:34)} Kg6 {(00:01)} 61. Re7 {(00:11)} Rb6
{(00:04)} 62. Rd7 {(01:16)} Rb1 {(00:08)} 63. Rd8 {
(00:27)} Kf7 {(00:18)} 64. Rd7+ {(00:29)} Kg6 {(00:
00)} 65. Re7 {(00:19)} Rb6 {(00:02)} 66. Ra7 {(00:41)} Rb1
{(00:14)} 1/2-1/2

[Event "42nd Olympiad Baku 2016 Open"]
[Site "Baku"]
[Date "2016.09.05"]
[Round "4.16"]
[White "Butnorius, Algimantas"]
[Black "Foo, Zhi Rong Benjamin"]
[Result "1/2-1/2"]
[ECO "E10"]
[WhiteElo "2348"]
[BlackElo "2233"]
[Annotator ""]
[PlyCount "120"]
[EventDate "2016.??.??"]
[EventCountry "AZE"]
[SourceTitle "playchess.com"]
[Source "ChessBase"]
[WhiteTeam "Monaco"]
[BlackTeam "Singapore"]
[WhiteTeamCountry "MNC"]
[BlackTeamCountry "SIN"]
[TimeControl "40/5400+30:1800+30"]

1. d4 {(00:00)} Nf6 {(00:00)} 2. Nf3 {(00:00)} c5 {
(00:00)} 3. d5 {(00:24)} e6 {(00:01)} 4. c4 {(00:
20)} b5 {(00:21)} 5. Bg5 {(01:50)} exd5 {(00:31)} 6. cxd5
{(00:08)} h6 {(00:40)} 7. Bxf6 {(06:59)} Qxf6 {(00:
10)} 8. Qc2 {(00:40)} Be7 {(01:24)} 9. e4 {(00:30)} Qb6 {
(01:24)} 10. a4 {(01:17)} bxa4 {(01:37)} 11. Be2 {(
12:39)} O-O {(05:05)} 12. Nbd2 {(07:43)} Na6 {(06:15)} 13.
Qxa4 {(08:25)} Nb4 {(00:22)} 14. O-O {(00:30)} d6 {
(01:46)} 15. Nc4 {(03:18)} Qc7 {(07:34)} 16. Rfd1 {
(03:41)} Rd8 {(11:25)} 17. Qa5 {(03:00)} Qxa5 {(01:
29)} 18. Rxa5 {(00:07)} Bb7 {(05:08)} 19. g3 {(12:19)} Rd7
{(21:05)} 20. Rda1 {(01:28)} f5 {(04:28)} 21. Nb6 {
(05:34)} axb6 {(00:25)} 22. Rxa8+ {(00:05)} Bxa8 {(
00:02)} 23. Rxa8+ {(00:06)} Kh7 {(03:04)} 24. exf5 {(06:
59)} Nxd5 {(04:17)} 25. Bc4 {(00:45)} Nf6 {(00:26)} 26.
Be6 {(00:09)} Rd8 {(05:54)} 27. Ra7 {(01:23)} Bf8 {
(00:01)} 28. Rb7 {(09:27)} Ne4 {(04:26)} 29. Rxb6 {
(04:57)} Ng5 {(00:43)} 30. Nxg5+ {(01:06)} hxg5 {(
00:02)} 31. Rb7 {(01:16)} d5 {(00:45)} 32. b3 {(03:40)}
Kh6 {(02:23)} 33. Kf1 {(00:33)} g4 {(07:02)} 34. Ke2 {
(00:59)} Kg5 {(00:06)} 35. f4+ {(01:25)} gxf3+ {(
00:18)} 36. Kxf3 {(00:05)} d4 {(01:46)} 37. h4+ {(00:43)}
Kh6 {(01:40)} 38. Rd7 {(02:11)} Rxd7 {(02:20)} 39. Bxd7 {
(00:05)} Be7 {(00:45)} 40. Bb5 {(00:00)} Kh5 {(00:
00)} 41. Be2 {(09:16)} Kh6 {(06:30)} 42. Ke4 {(01:19)} Bd6
{(05:56)} 43. g4 {(01:37)} Bg3 {(00:49)} 44. g5+ {(
00:16)} Kh7 {(00:00)} 45. h5 {(01:32)} Bh4 {(08:33)} 46.
Kd5 {(11:11)} Bxg5 {(01:31)} 47. Kxc5 {(00:07)} Be3 {
(04:48)} 48. Kd5 {(00:36)} Kh6 {(00:23)} 49. b4 {(
01:09)} Kg5 {(01:20)} 50. Bd3 {(00:32)} Kxh5 {(01:23)} 51.
b5 {(00:07)} Kg5 {(01:15)} 52. b6 {(02:30)} Kf6 {(
00:34)} 53. Kd6 {(00:46)} Bf4+ {(02:28)} 54. Kd7 {(00:16)}
Be5 {(02:13)} 55. b7 {(00:15)} Kg5 {(00:03)} 56. Ke6 {
(03:05)} Bb8 {(00:09)} 57. Kf7 {(00:30)} Be5 {(00:
50)} 58. Bb1 {(01:23)} Kf4 {(00:15)} 59. Ke6 {(01:04)} Bb8
{(00:23)} 60. Kf7 {(00:18)} Be5 {(00:09)} 1/2-1/2

[Event "42nd Olympiad Baku 2016 Open"]
[Site "Baku"]
[Date "2016.09.05"]
[Round "4.34"]
[White "Capo Vidal, Uriel"]
[Black "Makolli, Perparim"]
[Result "1-0"]
[ECO "A46"]
[WhiteElo "2314"]
[BlackElo "2289"]
[Annotator ""]
[PlyCount "147"]
[EventDate "2016.??.??"]
[EventCountry "AZE"]
[SourceTitle "playchess.com"]
[Source "ChessBase"]
[WhiteTeam "Mexico"]
[BlackTeam "Kosovo"]
[WhiteTeamCountry "MEX"]
[BlackTeamCountry "KOS"]
[TimeControl "40/5400+30:1800+30"]

1. d4 {(00:00)} Nf6 {(00:00)} 2. Nf3 {(02:19)} e6 {
(00:35)} 3. Bf4 {(00:50)} b6 {(00:39)} 4. e3 {(01:
25)} Bb7 {(00:23)} 5. Bd3 {(01:00)} Be7 {(00:32)} 6. Nbd2
{(00:23)} d6 {(00:58)} 7. h3 {(04:54)} c5 {(02:55)}
8. c3 {(00:54)} Nbd7 {(08:02)} 9. e4 {(04:10)} O-O {
(04:11)} 10. Qe2 {(02:21)} Qc7 {(05:43)} 11. Bg3 {(
02:07)} cxd4 {(03:30)} 12. cxd4 {(00:05)} e5 {(00:40)} 13.
O-O {(00:58)} Rac8 {(06:24)} 14. dxe5 {(07:15)} Nxe5 {
(01:42)} 15. Nd4 {(08:59)} Rfd8 {(08:32)} 16. Kh2 {
(11:54)} Nxd3 {(07:06)} 17. Qxd3 {(00:12)} Nh5 {(
00:45)} 18. Rfc1 {(10:52)} Qd7 {(02:09)} 19. Nf1 {(07:49)}
Nxg3 {(02:01)} 20. Nxg3 {(00:55)} Bg5 {(06:38)} 21. Rxc8 {
(02:30)} Rxc8 {(01:14)} 22. Nde2 {(05:48)} g6 {(03:
44)} 23. Rd1 {(03:22)} Qa4 {(01:35)} 24. Nc3 {(10:14)} Qb4
{(00:58)} 25. Qxd6 {(00:09)} Qxb2 {(00:29)} 26. Nd5 {
(00:24)} Rd8 {(03:57)} 27. Qc7 {(01:39)} Bxd5 {(03:
12)} 28. exd5 {(00:07)} Qxa2 {(01:43)} 29. Ne4 {(02:56)}
Bh4 {(04:53)} 30. Qf4 {(03:21)} Be7 {(08:43)} 31. Qe5 {
(03:53)} Ba3 {(04:19)} 32. Nf6+ {(00:49)} Kf8 {(00:
24)} 33. Nxh7+ {(00:34)} Kg8 {(00:05)} 34. Nf6+ {(00:03)}
Kf8 {(00:04)} 35. Nh7+ {(00:56)} Kg8 {(00:02)} 36. Nf6+ {
(00:04)} Kf8 {(00:21)} 37. Ne4 {(01:06)} Qb2 {(01:
56)} 38. Rd4 {(01:10)} Kg8 {(02:43)} 39. Nf6+ {(00:16)}
Kf8 {(00:03)} 40. Nh7+ {(00:00)} Kg8 {(00:00)} 41. Nf6+ {
(00:58)} Kf8 {(00:09)} 42. Ne4 {(10:43)} Kg8 {(01:
11)} 43. d6 {(03:51)} Bc5 {(07:29)} 44. Nf6+ {(03:21)} Kf8
{(00:05)} 45. Nd7+ {(00:10)} Kg8 {(00:05)} 46. Nxc5 {
(00:05)} bxc5 {(00:18)} 47. Qxc5 {(00:13)} Qxf2 {(
00:45)} 48. Qxa7 {(02:44)} Qf5 {(00:11)} 49. Qe7 {(01:07)}
Rd7 {(07:53)} 50. Qe8+ {(00:06)} Kg7 {(00:03)} 51. Rh4 {
(00:12)} Rd8 {(00:21)} 52. Qe3 {(02:03)} Kg8 {(00:
38)} 53. Qd4 {(02:03)} f6 {(00:33)} 54. Qc4+ {(05:04)} Kg7
{(00:57)} 55. Re4 {(00:07)} g5 {(07:40)} 56. Re7+ {
(05:57)} Kh6 {(00:13)} 57. Qd4 {(00:29)} Kg6 {(02:
35)} 58. d7 {(00:08)} Kh6 {(06:21)} 59. h4 {(00:42)} Kg6 {
(02:17)} 60. h5+ {(00:10)} Kh6 {(00:28)} 61. Rf7 {(
00:13)} Qf4+ {(01:00)} 62. Qxf4 {(00:06)} gxf4 {(00:03)}
63. Rxf6+ {(00:10)} Kxh5 {(00:04)} 64. Rd6 {(00:10)} Kg5 {
(02:37)} 65. Kg1 {(00:19)} Kf5 {(03:06)} 66. Kf2 {(
00:01)} Ke5 {(00:19)} 67. Rd1 {(00:02)} Ke4 {(00:05)} 68.
Rd2 {(00:05)} Kf5 {(00:23)} 69. Kf3 {(00:05)} Ke5 {
(00:04)} 70. Rd1 {(00:04)} Kf5 {(00:08)} 71. Rd5+ {
(00:06)} Ke6 {(00:04)} 72. Ke4 {(00:09)} Ke7 {(00:
49)} 73. Ke5 {(00:19)} Kf7 {(00:46)} 74. Ke4 1-0

[Event "42nd Olympiad Baku 2016 Open"]
[Site "Baku"]
[Date "2016.09.05"]
[Round "4.36"]
[White "Capone, Nicola"]
[Black "Klasan, Vladimir"]
[Result "1-0"]
[ECO "D12"]
[WhiteElo "2373"]
[BlackElo "2401"]
[Annotator ""]
[PlyCount "93"]
[EventDate "2016.??.??"]
[EventCountry "AZE"]
[SourceTitle "playchess.com"]
[Source "ChessBase"]
[WhiteTeam "BEL"]
[BlackTeam "ICCD"]
[WhiteTeamCountry "BEL"]
[BlackTeamCountry "SRB"]
[TimeControl "40/5400+30:1800+30"]

1. d4 {(00:00)} d5 {(00:00)} 2. c4 {(00:00)} c6 {(
00:00)} 3. Nf3 {(00:04)} Nf6 {(00:00)} 4. e3 {(00:05)} Bf5
{(00:56)} 5. Nc3 {(00:29)} e6 {(00:33)} 6. Nh4 {(
00:10)} Bg4 {(01:00)} 7. Qb3 {(00:11)} Qc7 {(00:36)} 8.
Bd2 {(10:14)} Be7 {(15:46)} 9. h3 {(00:19)} Bh5 {(
09:39)} 10. g4 {(02:44)} Bg6 {(10:22)} 11. Nxg6 {(00:19)}
hxg6 {(00:13)} 12. Bg2 {(00:06)} Nbd7 {(01:54)} 13. cxd5 {
(01:20)} exd5 {(06:39)} 14. O-O-O {(00:17)} Nb6 {(
05:37)} 15. Kb1 {(00:05)} O-O-O {(06:30)} 16. Bc1 {(19:59]
} Bd6 {(03:36)} 17. Qc2 {(02:21)} Bb4 {(05:22)} 18. Ne2 {
(09:18)} Rhe8 {(05:59)} 19. f3 {(07:28)} Qe7 {(02:
14)} 20. Nf4 {(06:35)} Bd6 {(02:04)} 21. g5 {(01:37)} Nh7
{(06:35)} 22. h4 {(00:05)} Bxf4 {(01:37)} 23. exf4 {
(00:06)} Nf8 {(00:34)} 24. b3 {(02:48)} Kb8 {(00:
58)} 25. f5 {(02:39)} gxf5 {(00:13)} 26. Qxf5 {(00:05)} g6
{(02:15)} 27. Qe5+ {(00:24)} Qxe5 {(01:19)} 28. dxe5 {
(00:04)} d4 {(04:01)} 29. f4 {(04:16)} Ne6 {(00:05]
} 30. h5 {(00:30)} gxh5 {(02:47)} 31. Rxh5 {(04:49)} Rd7 {
(00:08)} 32. f5 {(06:56)} Nc7 {(03:05)} 33. Bf4 {(
14:20)} Kc8 {(00:05)} 34. e6 {(00:03)} fxe6 {(00:40)} 35.
Bxc7 {(00:13)} Kxc7 {(00:41)} 36. f6 {(00:13)} Rf8 {
(02:03)} 37. Kb2 {(03:45)} c5 {(00:41)} 38. Rf1 {(
01:08)} Rdf7 {(00:23)} 39. Be4 {(00:51)} Nd5 {(00:57)} 40.
Rh7 {(00:00)} Rxh7 {(00:00)} 41. Bxh7 {(01:27)} Kd6 {
(05:18)} 42. Be4 {(12:51)} Ne3 {(01:31)} 43. g6 {(
01:37)} Nxf1 {(04:49)} 44. g7 {(00:05)} Rxf6 {(00:39)} 45.
g8=Q {(00:10)} Rf2+ {(01:30)} 46. Ka3 {(01:20)} Ke5 {
(00:50)} 47. Bd3 {(00:28)} 1-0

[Event "42nd Olympiad Baku 2016 Open"]
[Site "Baku"]
[Date "2016.09.05"]
[Round "4.9"]
[White "Caruana, Fabiano"]
[Black "Navara, David"]
[Result "1/2-1/2"]
[ECO "B12"]
[WhiteElo "2808"]
[BlackElo "2742"]
[Annotator ""]
[PlyCount "94"]
[EventDate "2016.??.??"]
[EventCountry "AZE"]
[SourceTitle "playchess.com"]
[Source "ChessBase"]
[WhiteTeam "United States"]
[BlackTeam "Czech Republic"]
[WhiteTeamCountry "USA"]
[BlackTeamCountry "CZE"]
[TimeControl "40/5400+30:1800+30"]

1. e4 {(00:00)} c6 {(00:00)} 2. d4 {(00:00)} d5 {(
00:00)} 3. e5 {(00:00)} Bf5 {(00:00)} 4. Nf3 {(00:00)} e6
{(00:00)} 5. Be2 {(00:00)} c5 {(00:22)} 6. Be3 {(
00:00)} cxd4 {(00:34)} 7. Nxd4 {(00:07)} Ne7 {(00:14)} 8.
O-O {(00:07)} Nbc6 {(00:48)} 9. Bb5 {(00:09)} a6 {(
01:16)} 10. Bxc6+ {(00:49)} bxc6 {(00:21)} 11. c4 {(00:29]
} Qd7 {(10:44)} 12. Nc3 {(10:14)} dxc4 {(00:14)} 13. Na4 {
(01:22)} Nd5 {(00:09)} 14. Nxf5 {(00:06)} exf5 {(
00:10)} 15. Rc1 {(05:21)} c3 {(00:14)} 16. Nxc3 {(00:41)}
Nxe3 {(00:11)} 17. fxe3 {(01:35)} g6 {(01:30)} 18. Qf3 {
(08:38)} Bh6 {(09:09)} 19. Na4 {(07:35)} O-O {(10:
17)} 20. Nb6 {(05:28)} Qa7 {(01:53)} 21. Rxc6 {(01:47)}
Rae8 {(14:00)} 22. Nc4 {(23:06)} f4 {(01:12)} 23. Kh1 {
(00:05)} fxe3 {(00:15)} 24. b3 {(02:36)} Bg7 {(15:
25)} 25. Qxe3 {(04:10)} Qxe3 {(00:22)} 26. Nxe3 {(00:02)}
Rxe5 {(00:12)} 27. Nc4 {(00:10)} Re6 {(00:07)} 28. Rxe6 {
(01:03)} fxe6 {(00:09)} 29. Rxf8+ {(01:37)} Kxf8 {(
00:22)} 30. Kg1 {(08:15)} Ke7 {(00:15)} 31. Kf2 {(00:09)}
Kd7 {(00:42)} 32. Ke3 {(01:57)} Kc6 {(00:09)} 33. Ke4 {
(05:28)} Kb5 {(01:52)} 34. a3 {(03:04)} a5 {(07:21]
} 35. Ne5 {(00:28)} Bf8 {(00:34)} 36. Nd3 {(01:06)} Bxa3 {
(01:57)} 37. Ke5 {(00:04)} Kc6 {(00:42)} 38. Kxe6 {
(00:39)} Bd6 {(00:09)} 39. g3 {(02:43)} Bc7 {(03:
39)} 40. Ne1 {(00:00)} h5 {(00:00)} 41. Nc2 {(08:24)} h4 {
(03:02)} 42. gxh4 {(00:05)} Bxh2 {(00:10)} 43. Kf6 {
(00:13)} Bg3 {(00:06)} 44. Kxg6 {(00:09)} Bxh4 {(
00:07)} 45. Ne3 {(00:15)} Kc5 {(00:09)} 46. Nc4 {(00:04)}
a4 {(00:05)} 47. bxa4 {(00:02)} Kxc4 {(00:05)} 1/2-1/2